 Dungeon Crawl Stone Soup version 0.31-a0-963-ga325b2283a (webtiles) character file.

Game seed: 3497731242791730522

279 LeprechaunX the Changeling (level 6, -1/42 HPs)
             Began as an Octopode Shapeshifter on Oct 26, 2023.
             Killed from afar by a dart slug (4 damage)
             ... with a slug dart
             ... on level 4 of the Dungeon.
             The game lasted 00:03:33 (2742 turns).

LeprechaunX the Changeling (Octopode Shapeshifter)  Turns: 2742, Time: 00:03:34

Health: -1/42      AC:  1    Str: 13    XL:     6   Next: 26%
Magic:  6/6        EV: 13    Int: 13    God:
Gold:   170        SH:  0    Dex: 13    Spells: 5/5 levels left

rFire   . . .        n - +2 short sword (speed)
rCold   . . .        (no shield)
rNeg    . . .        (helmet currently unavailable)
rPois   .            j - amulet of the acrobat
rElec   .            (no ring)
rCorr   .            (no ring)
SInv    .            (no ring)
Will    .....        (no ring)
Stlth   ++           (no ring)
HPRegen 0.27/turn    (no ring)
MPRegen 0.10/turn    (no ring)
                     (no ring)

%: acrobat
@: beast-form
A: beast (slay +2), almost no armour, amphibious, 8 rings, camouflage 1,
gelatinous body 1, (nimble swimmer 1), tentacles
a: Begin Untransformation


You were on level 4 of the Dungeon.
You were a hulking beast.
You visited 1 branch of the dungeon, and saw 4 of its levels.

You collected 170 gold pieces.

Inventory:

Hand Weapons
 a - a +0 sling
 n - a +2 short sword of speed (weapon)
Missiles
 l - 3 boomerangs
Jewellery
 j - an amulet of the acrobat (around mantle)
Talismans
 b - a beast talisman
 c - a flux talisman
Scrolls
 d - 5 scrolls of identify {unknown}
 f - 3 scrolls of torment {unknown}
 g - a scroll of vulnerability {unknown}
 h - a scroll of fear {unknown}
 k - a scroll of teleportation {unknown}
 o - a scroll of enchant armour {unknown}
Potions
 e - a potion of berserk rage {unknown}
 i - a potion of curing {unknown}
 m - a potion of lignification


   Skills:
 + Level 3.0 Fighting
 - Level 2.0 Dodging
 + Level 4.2 Unarmed Combat
 * Level 4.9 Shapeshifting


You had 5 spell levels left.
You didn't know any spells.
Your spell library was empty.

Dungeon Overview and Level Annotations

Branches:
Dungeon (4/15)
 Temple: D:4-7

Altars:
Elyvilon


Innate Abilities, Weirdness & Mutations

You are a hulking beast.
Your limbs bulge with bestial killing power. (Slay +2)
You cannot wear most types of armour.
You are amphibious.
You can wear up to eight rings at the same time.
Your skin changes colour to match your surroundings (Stealth+).
Your rubbery body absorbs attacks. (AC +1, EV +1)
((You are camouflaged when in or above water. (Stealth+)))
You have tentacles for arms and can constrict up to eight enemies at once.


Message History

You constrict the orc. You hit the orc. You squeeze the orc.
You kill the orc!
The orc hits you with a +0 falchion.
You hit the orc. You grab the orc. You squeeze the orc, but do no damage.
The orc is severely wounded.
You constrict the orc, but do no damage.
The orc hits you with a +0 falchion.
You puncture the orc!
You kill the orc!
The sleepcap releases spores at you.
You are engulfed in a cloud of soporific spores!
You fall asleep.
The sleepcap releases spores at you!
You wake up.
* * * LOW HITPOINT WARNING * * *
You are engulfed in a cloud of soporific spores!
You are unaffected.
You are too injured to fight recklessly!
You hit the sleepcap but do no damage. You grab the sleepcap.
You squeeze the sleepcap!
The sleepcap is moderately damaged.
You constrict the sleepcap. You hit the sleepcap.
The sleepcap is heavily damaged.
You constrict the sleepcap. The sleepcap releases spores at you.
* * * LOW HITPOINT WARNING * * *
The dart slug launches a dart at you. The slug dart misses you.
You hit the sleepcap.
The sleepcap is severely damaged.
You constrict the sleepcap. The sleepcap releases spores at you.
* * * LOW HITPOINT WARNING * * *
You are engulfed in a cloud of soporific spores!
You are unaffected.
Unknown command.
You hit the sleepcap but do no damage. You squeeze the sleepcap.
You destroy the sleepcap!
The dart slug launches a dart at you. The slug dart hits you.
You die...

#.......#+## #.
#.# #. #.......+
.. #.. ..
#.......# ...
#... ...
#.......##### #..
##..#####
#..≈≈≈......# #..
### #..≈.≈......#
#..≈≈≈......#
#...........#
#.........h)#
###########)....#
w....# .....+
.....# .....#
.....# .####.


You could see a dart slug.

Vanquished Creatures
  A phantom (D:3)
  A bullfrog (D:3)
  An orc priest (D:4)
  A sleepcap (D:4)
  An adder (D:3)
  2 dart slugs
  17 orcs
  4 bats
  5 endoplasms
  A giant cockroach (D:1)
  3 goblins (D:3)
  6 hobgoblins
  6 jackals (D:2)
  2 quokkas
  6 ball pythons
  6 kobolds
  6 rats
69 creatures vanquished.

Notes
Turn   | Place    | Note
-------+----------+-------------------------------------------
     0 | D:1      | LeprechaunX the Octopode Shapeshifter began the quest for
                  | the Orb.
     0 | D:1      | Reached XP level 1. HP: 13/13 MP: 1/1
   149 | D:1      | Reached XP level 2. HP: 18/18 MP: 2/2
   883 | D:2      | Reached XP level 3. HP: 15/23 MP: 3/3
  1037 | D:2      | Found a faded altar of an unknown god.
  1486 | D:3      | Noticed a bullfrog
  1654 | D:3      | Reached XP level 4. HP: 26/29 MP: 4/4
  1704 | D:3      | Found a white marble altar of Elyvilon.
  1903 | D:3      | Killed a bullfrog
  1904 | D:3      | Reached XP level 5. HP: 18/35 MP: 5/5
  2024 | D:3      | Noticed a phantom
  2047 | D:3      | Killed a phantom
  2048 | D:3      | Reached XP level 6. HP: 14/41 MP: 6/6
  2742 | D:4      | Killed from afar by a dart slug

Illustrated notes

Levels and vault maps discovered:
D:1:      psy_arrival_whirlpool, layout_basic, minmay_misc_feat_enclosed
D:2:      layout_basic, hellmonk_ecumenical_altar_lost_god
D:3:      layout_loops_ring, nicolae_elyvilon_peaceful_grove, serial_forest,
          infiniplex_forest_lined_room_3, infiniplex_forest_clump_small,
          infiniplex_forest_corner_1, infiniplex_forest_diagonal,
          infiniplex_forest_end_2, infiniplex_forest_clump_double,
          infiniplex_forest_lined_corner
D:4:      layout_gridville, nemelex_diamond_rough_becter, minitemple,
          portal_sewer_entry_b, corexii_item_surrounded_by_moat

Skill      XL: |  1  2  3  4  5  6 |
---------------+-------------------+-----
Fighting       | 2 3 |  3.0
Shapeshifting  | 4 |  4.9
Unarmed Combat | 4 |  4.2
Dodging        | |  2.0

Action                     |  1- 3 |  4- 6 || total
---------------------------+-------+-------++-------
  Melee: Unarmed           |    84 |    55 ||   139
         Constrict         |    21 |    20 ||    41
         Tentacles         |    18 |    20 ||    38
         Punch             |       |     3 ||     3
         Short sword       |       |    20 ||    20
   Stab: Sleeping          |     4 |     4 ||     8
 Armour: Skin              |    37 |    23 ||    60
  Dodge: Dodged            |    46 |    36 ||    82

Table legend: (Time is in decaauts)
 A = Elapsed time spent in this place.
 B = Non-inter-level travel time spent in this place.
 C = Inter-level travel time spent in this place.
 D = Time resting spent in this place.
 E = Time spent auto-exploring this place.
 F = Levels seen in this place.
 G = Mean time per level.
                   A        B        C        D        E       F      G
               +--------+--------+--------+--------+--------+-----+--------+
         Total |   2725 |   2617 |    108 |     48 |   2122 |   4 |  681.2 |
       Dungeon |   2725 |   2617 |    108 |     48 |   2122 |   4 |  681.2 |
               +--------+--------+--------+--------+--------+-----+--------+

Top non-repeatable levels by time:
     D:3: 1216 daAuts
     D:1: 739 daAuts
     D:2: 684 daAuts
     D:4: 84 daAuts
